 Dungeon Crawl Stone Soup version 0.18.1-8-gdd0e5ea (webtiles) character file.

674 Jerry the Caller (level 7, -1/46 HPs)
             Began as a Mummy Wizard on May 24, 2016.
             Slain by a giant frog (5 damage)
             ... on level 6 of the Dungeon.
             The game lasted 00:35:06 (8168 turns).

Jerry the Caller (Mummy Wizard)                     Turns: 8168, Time: 00:35:07

Health: -1/46      AC:  2    Str: 12    XL:     7   Next: 33%
Magic:  0/12       EV: 12    Int: 22    God:
Gold:   287        SH:  0    Dex: 10    Spells: 2 memorised, 9 levels left

rFire  x . .     SeeInvis .     e - +1 dagger (venom)
rCold  + . .     Gourm    .     a - +0 robe
rNeg   + + +     Faith    .     (no shield)
rPois  ∞         Spirit   .     b - +0 hat
rElec  .         Dismiss  .     (no cloak)
rCorr  .         Reflect  .     (no gloves)
SustAt .         Harm     .     (no boots)
MR     .....                    (no amulet)
Stlth  ++........               w - +4 ring of intelligence
                                m - ring of flight

@: not resistant to hostile enchantments, unstealthy
A: no food or potions, fire vulnerability, cold resistance 1, negative energy
resistance 3, torment resistance, unbreathing
a: Evoke Flight


You were on level 6 of the Dungeon.
You were not hungry.

You visited 1 branch of the dungeon, and saw 7 of its levels.
You also visited: Ossuary.

You collected 287 gold pieces.

Inventory:

Hand Weapons
 e - a +1 dagger of venom (weapon)
Missiles
 g - 2 throwing nets (quivered)
Armour
 a - a +0 robe (worn)
 b - a +0 hat (worn)
Jewellery
 m - a ring of flight (left hand)
 w - a +4 ring of intelligence (right hand)
Wands
 v - a wand of digging (15/24)
Scrolls
 f - a scroll of fog {unknown}
 h - 8 scrolls of identify {unknown}
 i - 4 scrolls of amnesia
 j - 3 scrolls of enchant weapon {unknown}
 k - 4 scrolls of recharging {unknown}
 l - 4 scrolls of enchant armour {unknown}
 o - 2 scrolls of immolation {unknown}
 p - 7 scrolls of remove curse {unknown}
 t - a scroll of teleportation {unknown}
 u - a scroll of magic mapping {unknown}
Books
 c - a book of Minor Magic

   Spells                             Type                      Level
   a - Magic Dart                     Conjuration                  1
   b - Blink                          Translocation                2
   c - Call Imp                       Summoning                    2
   d - Repel Missiles                 Charms/Air                   2
   e - Slow                           Hexes                        2
   f - Conjure Flame                  Conjuration/Fire             3
   g - Mephitic Cloud                 Conjuration/Poison/Air       3
 n - a book of Battle

   Spells                             Type                      Level
   a - Infusion                       Charms                       1
   b - Shroud of Golubria             Charms/Translocation         2
   c - Song of Slaying                Charms                       2
   d - Spectral Weapon                Hexes/Charms                 3
   e - Regeneration                   Charms/Necromancy            3
 x - a book of the Earth

   Spells                             Type                      Level
   a - Leda's Liquefaction            Hexes/Earth                  4
   b - Bolt of Magma                  Conjuration/Fire/Earth       5
   c - Statue Form                    Transmutation/Earth          6
   d - Iron Shot                      Conjuration/Earth            6
   e - Shatter                        Earth                        9


   Skills:
 - Level 2.8 Armour
 - Level 1.5 Dodging
 - Level 1.5 Stealth
 - Level 3.4 Spellcasting
 - Level 0.7 Conjurations
 + Level 5.7 Summonings
   Level 0.7 Translocations


You had 9 spell levels left.
You knew the following spells:

 Your Spells              Type           Power        Failure   Level  Hunger
a - Magic Dart            Conj           #...         10%         1    N/A
b - Call Imp              Summ           ####....     1%          2    N/A

Dungeon Overview and Level Annotations

Branches:
Dungeon (7/15)             Temple (0/1) D:4

Altars:
Elyvilon
Vehumet

Shops:
D:4 =   D:6 ?


Innate Abilities, Weirdness & Mutations

You do not eat or drink.
Your flesh is vulnerable to fire.
You are immune to poison.
Your flesh is cold resistant.
You are immune to negative energy.
You are immune to unholy pain and torment.
You can survive without breathing.


Message History

Confirm with . or Enter, or press ? or * to list all spells.
A beastly little devil appears in a puff of flame.
The giant frog hits you!
* * * LOW HITPOINT WARNING * * *
Your iron imp misses the giant gecko.
The giant frog closely misses you.
Your iron imp hits the giant gecko.
You swap places.
The giant frog hits your crimson imp!
Your crimson imp closely misses the giant frog.
The giant frog hits your crimson imp but does no damage.
The giant frog closely misses your crimson imp.
Your crimson imp blinks!
The giant frog barely misses you. The giant frog closely misses you.
The giant frog misses you.
The giant frog hits you but does no damage.
Casting: Call Imp
Confirm with . or Enter, or press ? or * to list all spells.
A beastly little devil appears in a puff of frigid air.
The giant frog hits you.
You die...

#.# #..##.# #... #.#
#..##.## ##.## #.#
#..##..###.#.# #.#
#..###....###. #.#
#..# #..##.#.#
#.#####..# #..###.##
#.#5l....# #..# #...
#>#F###.####..###.##
#.#@# #.......5...#
#.#.# ####8#..###.#
#...# #.#..# #%#
##.#.## #....###l##
##.###.##
#∩.#....5.. ##.##
##.####....##....
#.##
##.....##.##..##
##.##
##..###8##.##..#
##.###.#.#
#...>....#


You could see a giant frog, a giant gecko and a friendly white imp.

Vanquished Creatures
  A giant frog (D:6)
  A crimson imp (D:5)
  An orc wizard (D:4)
  2 iguanas
  3 mummies (Ossuary)
  2 gnolls (D:4)
  An adder (D:2)
  An ooze (D:1)
  A worm (D:3)
  7 giant geckos
  7 orcs
  6 bats
  3 giant cockroaches
  7 goblins
  3 hobgoblins
  3 jackals (D:1)
  A quokka (D:2)
  5 giant newts
  A gnoll skeleton (Ossuary)
  A goblin skeleton (Ossuary)
  5 kobolds
  A kobold skeleton (Ossuary)
  An orc skeleton (Ossuary)
  5 rats
69 creatures vanquished.

Vanquished Creatures (collateral kills)
  The ghost of Groucho the Insei, an amateur OpTm (D:4)
  An ice beast (D:5)
  An ogre (D:6)
  A scorpion (D:6)
  2 hounds
  3 orc wizards (D:4)
  A worker ant (D:4)
  A statue (D:4)
  7 mummies (Ossuary)
  5 adders
  5 gnolls (D:4)
  A shadow imp (D:6)
  An ooze (D:2)
  2 worms (D:2)
  6 orcs
  A giant cockroach (D:2)
  2 goblins (D:2)
  2 hobgoblins (D:2)
  A jackal (D:1)
  A kobold (D:2)
  A quokka (D:2)
  A ball python (D:2)
  A giant newt (D:4)
  A goblin skeleton (Ossuary)
  A kobold skeleton (Ossuary)
  11 rat skeletons (Ossuary)
61 creatures vanquished.

Vanquished Creatures (others)
  2 mummies (Ossuary)
  A gnoll skeleton (Ossuary)
  An orc skeleton (Ossuary)
4 creatures vanquished.

Grand Total: 134 creatures vanquished

Notes
Turn   | Place    | Note
--------------------------------------------------------------
     0 | D:1      | Jerry the Mummy Wizard began the quest for the Orb.
     0 | D:1      | Reached XP level 1. HP: 13/13 MP: 4/4
   230 | D:1      | Reached XP level 2. HP: 19/19 MP: 1/6
   234 | D:1      | Learned a level 2 spell: Call Imp
   381 | D:1      | Reached skill level 1 in Summonings
   954 | D:1      | Reached XP level 3. HP: 17/24 MP: 7/7
  1635 | D:2      | Reached skill level 1 in Armour
  1792 | D:2      | Reached skill level 2 in Summonings
  1800 | D:2      | Reached XP level 4. HP: 27/30 MP: 5/9
  2014 | D:2      | Found a faded altar to an unknown god.
  3497 | D:4      | Noticed Groucho's ghost (amateur OpTm)
  3966 | D:4      | Killed Groucho's ghost
  3966 | D:4      | Reached skill level 3 in Summonings
  3966 | D:4      | Reached XP level 5. HP: 35/35 MP: 1/10
  4225 | D:4      | Found a staircase to the Ecumenical Temple.
  4258 | D:4      | Found a radiant altar of Vehumet.
  4258 | D:4      | Noticed a charred statue
  4282 | D:4      | Killed a charred statue
  4434 | D:4      | Found Gicano Idwam's Jewellery Shop.
  4679 | D:4      | Reached XP level 6. HP: 41/41 MP: 8/11
  4859 | D:4      | Reached skill level 4 in Summonings
  5125 | D:5      | Entered Level 5 of the Dungeon
  5158 | D:5      | Got an ancient quarterstaff
  5221 | D:5      | Found a sand-covered staircase.
  5236 | Ossuary  | Entered an ossuary
  6683 | D:5      | Noticed an ice beast
  6716 | D:5      | Killed an ice beast
  6716 | D:5      | Reached skill level 5 in Summonings
  7222 | D:6      | Reached XP level 7. HP: 46/46 MP: 8/12
  7416 | D:6      | Found a white marble altar of Elyvilon.
  7489 | D:6      | Found Ciher's Magic Scroll Shop.
  8152 | D:6      | HP: 1/46 [giant frog (7)]
  8168 | D:6      | Slain by a giant frog

Skill      XL: |  1  2  3  4  5  6 |
---------------+-------------------+-----
Summonings     | 1 2 3 5 |  5.7
Armour         | 1 2 |  2.8
Dodging        | |  1.5
Stealth        | |  1.5
Spellcasting   | |  3.4
Conjurations   | |  0.7
Translocations | |  0.7

Action                   |  1- 3 |  4- 6 |  7- 9 || total
-------------------------+-------+-------+-------++-------
Melee: Dagger            |    50 |   188 |    19 ||   257
       Whip              |     1 |       |       ||     1
       War axe           |       |     7 |       ||     7
       Long sword        |       |     4 |       ||     4
 Cast: Magic Dart        |    46 |       |       ||    46
       Call Imp          |     7 |    84 |    20 ||   111
  Use: Scroll            |     2 |       |       ||     2
 Stab: Sleeping          |       |     2 |       ||     2
Armor: Robe              |    14 |    17 |     4 ||    35
Dodge: Dodged            |    48 |    93 |    28 ||   169
